MLB
OAKLAND ATHLETICS @ MONTREAL EXPOS
09/11/2044
 
TOP OF THE 1ST
Oakland Athletics batting - Pitching for Montreal Expos : LHP James Fisher
Pitching: LHP James Fisher
Batting: RHB Philip Jansen 0-0: Called Strike
0-1: Ball
1-1: Called Strike
1-2: Ball
2-2: Ball
3-2: Fly out, F4 (Popup, 4, EV 53.1 MPH)
Batting: RHB Danny Murillo 0-0: Ball
1-0: Foul Ball, location: 2F
1-1: DOUBLE (Line Drive, 7LM, EV 94.4 MPH)
Batting: SHB Mark Rennie 0-0: Called Strike
0-1: Ball
1-1: Ball
2-1: Ball
3-1: Foul Ball, location: 2F
3-2: Foul Ball, location: 2F
3-2: Base on Balls
Batting: LHB Sakae Kasahara 0-0: Swinging Strike
0-1: Ball
1-1: Foul Ball, location: 2F
1-2: Ball
2-2: Foul Ball, location: 2F
2-2: Strikes out looking
Batting: SHB Robert Handy 0-0: Called Strike
0-1: Foul Ball, location: 2F
0-2: Ball
1-2: SINGLE (Groundball, 56S, EV 83.1 MPH) (infield hit)
Danny Murillo to third
Mark Rennie to second
Batting: LHB Nate Dean 0-0: Foul Ball, location: 2F
0-1: Ball
1-1: Ball
2-1: SINGLE (Groundball, 3S, EV 67.5 MPH) (infield hit)
Danny Murillo scores
Mark Rennie to third
Robert Handy to second
Batting: RHB Sébastien Piat 0-0: Ball
1-0: Foul Ball, location: 2F
1-1: Ball
2-1: Ball
3-1: SINGLE (Groundball, 56D, EV 108.8 MPH)
Mark Rennie scores
Robert Handy to third
Nate Dean to second
Batting: RHB Bernie Varela 0-0: Ground out 3-1 (Groundball, 34S, EV 67.5 MPH)
Top of the 1st over - 2 runs, 4 hits, 0 errors, 3 left on base; Oakland 2 - Montreal 0
BOTTOM OF THE 1ST
Montreal Expos batting - Pitching for Oakland Athletics : RHP Mitsuo Kuriyama
Pitching: RHP Mitsuo Kuriyama
Batting: SHB Bran Stark 0-0: Ball
1-0: Foul Ball, location: 2F
1-1: Ball
2-1: Ball
3-1: SINGLE (Groundball, 34D, EV 101.2 MPH)
Batting: RHB Robby Juarez 0-0: Ball
1-0: Called Strike
Bran Stark steals 2nd base (no throw)
1-1: Ball
2-1: Ball
3-1: Base on Balls
Batting: RHB Mike Salmon 0-0: Foul Ball, location: 2F
0-1: Swinging Strike
0-2: Ball
1-2: Grounds into double play, 6-4-3 (Groundball, 6, EV 88.8 MPH)
Bran Stark to third
Batting: RHB Hugo Bautista 0-0: SINGLE (Groundball, 4MS, EV 65.0 MPH) (infield hit)
Bran Stark scores
Batting: LHB Jimmy Buscemi 0-0: Ball
1-0: Called Strike
Hugo Bautista steals 2nd base
1-1: Ball
2-1: Ball
3-1: Foul Ball, location: 2F
3-2: Strikes out looking
Bottom of the 1st over - 1 run, 2 hits, 0 errors, 1 left on base; Oakland 2 - Montreal 1
TOP OF THE 2ND
Oakland Athletics batting - Pitching for Montreal Expos : LHP James Fisher
Batting: LHB Tyler Babbitt 0-0: Ball
1-0: Foul Ball, location: 2F
1-1: Ball
2-1: Ground out 3-1 (Groundball, 34S, EV 89.4 MPH)
Batting: RHB Philip Jansen 0-0: Ball
1-0: Ball
2-0: Ball
3-0: Base on Balls
Batting: RHB Danny Murillo 0-0: Ball
1-0: Ground out 5-3 (Groundball, 56S, EV 65.0 MPH)
Philip Jansen to second
Batting: SHB Mark Rennie 0-0: Ball
1-0: Foul Ball, location: 2F
1-1: SINGLE (Flyball, 7LS, EV 94.4 MPH)
Philip Jansen to third
Runner from 3rd tries for Home, SAFE, throw by LF to home
Batting: LHB Sakae Kasahara 0-0: Called Strike
Mark Rennie steals 2nd base
0-1: Ball
1-1: Ball
2-1: Foul Ball, location: 2F
2-2: Strikes out swinging
Top of the 2nd over - 1 run, 1 hit, 0 errors, 1 left on base; Oakland 3 - Montreal 1
BOTTOM OF THE 2ND
Montreal Expos batting - Pitching for Oakland Athletics : RHP Mitsuo Kuriyama
Batting: SHB Pete Barutha 0-0: Called Strike
0-1: Fly out, F7 (Flyball, 7LD, EV 105.6 MPH)
Batting: LHB Steve Anderson 0-0: Ball
1-0: Ball
2-0: Called Strike
2-1: Called Strike
2-2: Foul Ball, location: 2F
2-2: Foul Ball, location: 2F
2-2: Fly out, F7 (Flyball, 78M, EV 86.9 MPH)
Batting: RHB John Ham 0-0: Called Strike
0-1: Ball
1-1: Swinging Strike
1-2: Ball
2-2: Ball
3-2: Foul Ball, location: 2F
3-2: Ground out 5-3 (Groundball, 56, EV 86.9 MPH)
Bottom of the 2nd over - 0 runs, 0 hits, 0 errors, 0 left on base; Oakland 3 - Montreal 1
TOP OF THE 3RD
Oakland Athletics batting - Pitching for Montreal Expos : LHP James Fisher
Batting: SHB Robert Handy 0-0: Ball
1-0: Fly out, F4 (Popup, 4, EV 65.0 MPH)
Batting: LHB Nate Dean 0-0: Ball
1-0: Called Strike
1-1: Foul Ball, location: 2F
1-2: Ball
2-2: Foul Ball, location: 2F
2-2: Ground out 6-3 (Groundball, 6, EV 99.4 MPH)
Batting: RHB Sébastien Piat 0-0: Called Strike
0-1: Ball
1-1: SINGLE (Line Drive, 56, EV 103.8 MPH)
Batting: RHB Bernie Varela 0-0: Ball
1-0: Called Strike
1-1: Swinging Strike
1-2: Ball
2-2: Strikes out swinging
Top of the 3rd over - 0 runs, 1 hit, 0 errors, 1 left on base; Oakland 3 - Montreal 1
BOTTOM OF THE 3RD
Montreal Expos batting - Pitching for Oakland Athletics : RHP Mitsuo Kuriyama
Batting: RHB Nick Sharp 0-0: Ball
1-0: Called Strike
1-1: Foul Ball, location: 2F
1-2: Fly out, F7 (Flyball, 7, EV 85.6 MPH)
Batting: SHB Bran Stark 0-0: Swinging Strike
0-1: Swinging Strike
0-2: Strikes out swinging
Batting: RHB Robby Juarez 0-0: Ball
1-0: Called Strike
1-1: Ball
2-1: Ground out 5-3 (Groundball, 56, EV 100.6 MPH)
Bottom of the 3rd over - 0 runs, 0 hits, 0 errors, 0 left on base; Oakland 3 - Montreal 1
TOP OF THE 4TH
Oakland Athletics batting - Pitching for Montreal Expos : LHP James Fisher
Batting: LHB Tyler Babbitt 0-0: Foul Ball, location: 2F
0-1: Ball
1-1: Swinging Strike
1-2: Foul Ball, location: 2F
1-2: Strikes out swinging
Batting: RHB Philip Jansen 0-0: Called Strike
0-1: Foul Ball, location: 2F
0-2: Ball
1-2: Ground out 4-3 (Groundball, 4S, EV 73.8 MPH)
Batting: RHB Danny Murillo 0-0: SINGLE (Groundball, 56D, EV 95.6 MPH)
Batting: SHB Mark Rennie 0-0: Ball
1-0: Ball
2-0: Foul Ball, location: 2F
2-1: Called Strike
Danny Murillo steals 2nd base (no throw)
2-2: 2-RUN HOME RUN (Flyball, 78XD, EV 110.6 MPH), Distance : 424 ft
Pitching: LHP Danny Lawson
Batting: LHB Sakae Kasahara 0-0: Foul Ball, location: 2F
0-1: Foul Ball, location: 2F
0-2: Foul Ball, location: 2F
0-2: Ball
1-2: Strikes out swinging
Top of the 4th over - 2 runs, 2 hits, 0 errors, 0 left on base; Oakland 5 - Montreal 1
BOTTOM OF THE 4TH
Montreal Expos batting - Pitching for Oakland Athletics : RHP Mitsuo Kuriyama
Batting: RHB Mike Salmon 0-0: Called Strike
0-1: Ball
1-1: Ball
2-1: Foul Ball, location: 2F
2-2: Ball
3-2: Base on Balls
Batting: RHB Hugo Bautista 0-0: 2-RUN HOME RUN (Flyball, 89XD, EV 101.9 MPH), Distance : 400 ft
Batting: LHB Jimmy Buscemi 0-0: SINGLE (Line Drive, 4D, EV 96.2 MPH)
Batting: SHB Pete Barutha 0-0: Swinging Strike
0-1: Ball
1-1: Ball
2-1: Called Strike
2-2: Strikes out swinging
Batting: LHB Steve Anderson 0-0: Ball
1-0: Ball
2-0: Grounds into double play, 1-4-3 (Groundball, 15S, EV 65.6 MPH)
Bottom of the 4th over - 2 runs, 2 hits, 0 errors, 0 left on base; Oakland 5 - Montreal 3
TOP OF THE 5TH
Oakland Athletics batting - Pitching for Montreal Expos : LHP Danny Lawson
Batting: SHB Robert Handy 0-0: Called Strike
0-1: Ball
1-1: Foul Ball, location: 2F
1-2: Ball
2-2: Ball
3-2: Strikes out swinging
Batting: LHB Nate Dean 0-0: Ball
1-0: Swinging Strike
1-1: Swinging Strike
1-2: Strikes out swinging
Batting: RHB Sébastien Piat 0-0: Called Strike
0-1: Ball
1-1: Ball
2-1: Ball
3-1: Foul Ball, location: 2F
3-2: Base on Balls
Batting: RHB Bernie Varela 0-0: Ball
Sébastien Piat is caught stealing 2nd base 2-4
Top of the 5th over - 0 runs, 0 hits, 0 errors, 0 left on base; Oakland 5 - Montreal 3
BOTTOM OF THE 5TH
Montreal Expos batting - Pitching for Oakland Athletics : RHP Mitsuo Kuriyama
Batting: RHB John Ham 0-0: Called Strike
0-1: Ball
1-1: Fly out, F8 (Flyball, 8LM, EV 91.2 MPH)
Batting: RHB Nick Sharp 0-0: Ball
1-0: SINGLE (Groundball, 6S, EV 75.6 MPH) (infield hit)
Batting: SHB Bran Stark 0-0: Ball
1-0: Ball
2-0: Ball
3-0: Fly out, F4 (Popup, 34D, EV 51.9 MPH)
Batting: RHB Robby Juarez 0-0: 2-RUN HOME RUN (Flyball, 7D, EV 97.5 MPH), Distance : 368 ft
Batting: RHB Mike Salmon 0-0: Foul Ball, location: 2F
0-1: Called Strike
0-2: Fly out, F7 (Flyball, 78D, EV 89.4 MPH)
Bottom of the 5th over - 2 runs, 2 hits, 0 errors, 0 left on base; Oakland 5 - Montreal 5
TOP OF THE 6TH
Oakland Athletics batting - Pitching for Montreal Expos : LHP Danny Lawson
Batting: RHB Bernie Varela 0-0: Swinging Strike
0-1: Ball
1-1: Called Strike
1-2: Strikes out swinging
Batting: LHB Tyler Babbitt 0-0: Called Strike
0-1: Ball
1-1: Fly out, F7 (Flyball, 7LD, EV 75.0 MPH)
Batting: RHB Philip Jansen 0-0: Ball
1-0: Ball
2-0: Ball
3-0: Base on Balls
Batting: RHB Danny Murillo 0-0: Called Strike
0-1: Ball
Philip Jansen is caught stealing 2nd base 2-4
Top of the 6th over - 0 runs, 0 hits, 0 errors, 0 left on base; Oakland 5 - Montreal 5
BOTTOM OF THE 6TH
Montreal Expos batting - Pitching for Oakland Athletics : RHP Mitsuo Kuriyama
Batting: RHB Hugo Bautista 0-0: Ball
1-0: Ball
2-0: Called Strike
2-1: Foul Ball, location: 2F
2-2: Fly out, F6 (Popup, 6, EV 64.4 MPH)
Batting: LHB Jimmy Buscemi 0-0: Ball
1-0: Foul Ball, location: 2F
1-1: Ball
2-1: Foul Ball, location: 2F
2-2: Foul Ball, location: 2F
2-2: Ball
3-2: Ground out U3 (Groundball, 3, EV 80.0 MPH)
Batting: SHB Pete Barutha 0-0: Ball
1-0: Ball
2-0: Ball
3-0: Base on Balls
Pitching: RHP Danny Nsoah
Batting: LHB Steve Anderson 0-0: Ball
Pete Barutha is caught stealing 2nd base 2-6
Bottom of the 6th over - 0 runs, 0 hits, 0 errors, 0 left on base; Oakland 5 - Montreal 5
TOP OF THE 7TH
Oakland Athletics batting - Pitching for Montreal Expos : LHP Danny Lawson
Pitching: RHP Alan Taylor
Batting: RHB Danny Murillo 0-0: Ball
1-0: Ball
2-0: Foul Ball, location: 2F
2-1: Foul Ball, location: 2F
2-2: SINGLE (Groundball, 6MD, EV 97.5 MPH)
Batting: SHB Mark Rennie 0-0: Ball
1-0: Swinging Strike
1-1: Called Strike
1-2: Ball
2-2: Ball
3-2: 2-RUN HOME RUN (Line Drive, 9D, EV 105.6 MPH), Distance : 383 ft
Batting: LHB Sakae Kasahara 0-0: Ball
1-0: Fly out, F9 (Flyball, 9S, EV 90.0 MPH)
Batting: SHB Robert Handy 0-0: Ball
1-0: Ball
2-0: Ball
3-0: Base on Balls
Batting: LHB Nate Dean 0-0: Foul Ball, location: 2F
0-1: Called Strike
0-2: Fly out, F2 (Popup, 25F, EV 85.0 MPH)
Batting: RHB Sébastien Piat 0-0: Fielders Choice at 2nd, 5-4 (Groundball, 5, EV 100.0 MPH)
Top of the 7th over - 2 runs, 2 hits, 0 errors, 1 left on base; Oakland 7 - Montreal 5
BOTTOM OF THE 7TH
Montreal Expos batting - Pitching for Oakland Athletics : RHP Danny Nsoah
Batting: LHB Steve Anderson 0-0: Foul Ball, location: 2F
0-1: DOUBLE (Line Drive, 7LM, EV 111.9 MPH)
Batting: RHB John Ham 0-0: Foul Ball, location: 2F
0-1: Swinging Strike
0-2: Ball
1-2: Fly out, F9 (Flyball, 9S, EV 84.4 MPH)
Batting: RHB Nick Sharp 0-0: Ball
1-0: Foul Ball, location: 2F
1-1: Ball
2-1: Fly out, F6 (Popup, 6M, EV 52.5 MPH)
Batting: SHB Bran Stark 0-0: Called Strike
0-1: Foul Ball, location: 2F
0-2: Ball
1-2: Ball
2-2: Ball
3-2: Foul Ball, location: 2F
3-2: Foul Ball, location: 2F
3-2: Fly out, F7 (Flyball, 7LM, EV 84.4 MPH)
Bottom of the 7th over - 0 runs, 1 hit, 0 errors, 1 left on base; Oakland 7 - Montreal 5
TOP OF THE 8TH
Oakland Athletics batting - Pitching for Montreal Expos : RHP Alan Taylor
Batting: RHB Bernie Varela 0-0: Ball
1-0: Ground out 1-3 (Groundball, 13, EV 75.0 MPH)
Batting: LHB Tyler Babbitt 0-0: Called Strike
0-1: SINGLE (Groundball, 4MD, EV 99.4 MPH)
Batting: RHB Philip Jansen 0-0: Ball
1-0: Ball
2-0: Foul Ball, location: 2F
2-1: Ball
3-1: Foul Ball, location: 2F
3-2: Strikes out swinging
Batting: RHB Danny Murillo 0-0: Foul Ball, location: 2F
0-1: Fly out, F5 (Line Drive, 5, EV 63.8 MPH)
Top of the 8th over - 0 runs, 1 hit, 0 errors, 1 left on base; Oakland 7 - Montreal 5
BOTTOM OF THE 8TH
Montreal Expos batting - Pitching for Oakland Athletics : RHP Danny Nsoah
Batting: RHB Robby Juarez 0-0: Ball
1-0: Ball
2-0: Foul Ball, location: 2F
2-1: Ball
3-1: Base on Balls
Batting: RHB Mike Salmon 0-0: Ball
1-0: Called Strike
1-1: Ball
2-1: 2-RUN HOME RUN (Flyball, 7D, EV 95.6 MPH), Distance : 373 ft
Batting: RHB Hugo Bautista 0-0: Ball
1-0: Ball
2-0: Ball
3-0: Called Strike
3-1: Foul Ball, location: 2F
3-2: Base on Balls
Batting: LHB Jimmy Buscemi 0-0: Ball
1-0: Ball
2-0: Called Strike
2-1: Called Strike
2-2: DOUBLE (Flyball, 8LXD, EV 110.6 MPH)
Hugo Bautista to third
Pitching: RHP Mike Chapman
Batting: SHB Pete Barutha 0-0: Called Strike
0-1: Ball
1-1: Called Strike
1-2: Ball
2-2: Foul Ball, location: 2F
2-2: Ball
3-2: Foul Ball, location: 2F
3-2: Fly out, F8 (Flyball, 8RD, EV 98.8 MPH)
Batting: LHB Steve Anderson 0-0: Foul Ball, location: 2F
0-1: Ball
1-1: Foul Ball, location: 2F
1-2: Ball
2-2: Ground out 5-3 (Groundball, 5, EV 96.2 MPH)
Pinch Hitting: LHB Tommy Luce 0-0: Ball
1-0: Foul Ball, location: 2F
1-1: Called Strike
1-2: Ball
2-2: Foul Ball, location: 2F
2-2: Ground out 6-3 (Groundball, 6, EV 83.1 MPH)
Bottom of the 8th over - 2 runs, 2 hits, 0 errors, 2 left on base; Oakland 7 - Montreal 7
TOP OF THE 9TH
Oakland Athletics batting - Pitching for Montreal Expos : RHP Alan Taylor
Pitching: RHP Elliott Payne
Now in LF: Tommy Luce
Batting: SHB Mark Rennie 0-0: Fly out, F9 (Flyball, 9LD, EV 97.5 MPH)
Batting: LHB Sakae Kasahara 0-0: Ball
1-0: Ball
2-0: Fly out, F8 (Flyball, 8RS, EV 79.4 MPH)
Batting: SHB Robert Handy 0-0: Foul Ball, location: 2F
0-1: Foul Ball, location: 2F
0-2: Ball
1-2: Foul Ball, location: 2F
1-2: Strikes out swinging
Top of the 9th over - 0 runs, 0 hits, 0 errors, 0 left on base; Oakland 7 - Montreal 7
BOTTOM OF THE 9TH
Montreal Expos batting - Pitching for Oakland Athletics : RHP Mike Chapman
Pitching: RHP David Silva
Batting: RHB Nick Sharp 0-0: Ball
1-0: Foul Ball, location: 2F
1-1: Foul Ball, location: 2F
1-2: Strikes out looking
Batting: SHB Bran Stark 0-0: Foul Ball, location: 2F
0-1: Ball
1-1: Ball
2-1: SINGLE (Groundball, 6MD, EV 99.4 MPH)
Batting: RHB Robby Juarez 0-0: Ball
Bran Stark steals 2nd, throwing error, E2
Bran Stark to third
1-0: SINGLE (Flyball, 89S, EV 92.5 MPH)
Bran Stark scores
Bottom of the 9th over - 1 run, 2 hits, 1 error, 0 left on base; Oakland 7 - Montreal 8
Game Over ... Montreal defeats Oakland, 8 to 7
Thursday, March 31st , 2022 - OOTP Baseball 22.12 Build 89